 Dungeon Sprint DCSS version 0.21.1-1-g345015f (webtiles) character file.

1241 wilfster70 the Fighter (level 8, 0/72 HPs)
             Began as a Demonspawn Berserker on June 21, 2018.
             Was an Elder of Trog.
             Slain by Sonja
             ... wielding a +1 dagger of distortion
              (6 damage)
             ... in the Dungeon (Sprint I: "Red Sonja").
             The game lasted 00:02:50 (911 turns).

wilfster70 the Fighter (Demonspawn Berserker)        Turns: 911, Time: 00:02:50

Health: 0/72       AC:  2    Str: 18    XL:     8   Next: 25%
Magic:  8/8        EV: 18    Int:  8    God:    Trog [****..]
Gold:   416        SH:  0    Dex: 15    Spells: 7/7 levels left

rFire    . . .     SeeInvis .   a - +0 falchion
rCold    . . .     Gourm    .   (no shield)
rNeg     . . .     Faith    .   b - +0 animal skin
rPois    .         Spirit   .   (helmet restricted)
rElec    .         Reflect  .   (no cloak)
rCorr    .         Harm     .   (no gloves)
MR       .....     NoTele   +   (boots unavailable)
Stlth    +.........             (no amulet)
HPRegen  0.22/turn              (no ring)
MPRegen  0.11/turn              (no ring)

@: lethally poisoned (0 -> -1), berserk cooldown, slowed, very slow
A: antennae 1, claws 1, hooves 3
a: Berserk, Trog's Hand, Brothers in Arms, Burn Spellbooks, Renounce Religion


You were in the Dungeon.
You worshipped Trog.
Trog was greatly pleased with you.
You were not hungry.

You visited 1 branch You collected 416 gold pieces.

Inventory:

Hand Weapons
 a - a +0 falchion (weapon)
Armour
 b - a +0 animal skin (worn)
Wands
 j - a wand of flame (24)
Scrolls
 i - a scroll of blinking
Potions
 d - a potion of curing
 e - a potion of heal wounds
 f - a potion of haste
 g - 2 potions of magic
 h - a potion of berserk rage


   Skills:
 + Level 9.7 Fighting
 + Level 8.9 Long Blades
 + Level 8.6 Armour
 + Level 8.6 Dodging


You had 7 spell levels left.
You didn't know any spells.

Dungeon Overview and Level Annotations

Branches:
Dungeon (1/1)

Altars:
Cheibriados
Dithmenos
Elyvilon
Fedhas
Gozag
Hepliaklqana
Kikubaaqudgha
Makhleb
Nemelex Xobeh
Okawaru
Qazlal
Ru
Sif Muna
Trog
Uskayaw
Vehumet
Wu Jian
Xom
Yredelemnul
Zin
The Shining One
Jiyva
Lugonu

Shops:
D !

Annotations:
D Sonja


Innate Abilities, Weirdness & Mutations

You have a pair of small antennae on your head.
You have sharp fingernails.
You have hooves in place of feet.


Message History

You closely miss Sonja.
Sonja is lightly wounded.
Sonja barely misses you. x2
You hit Sonja. Your kick misses Sonja.
Sonja is lightly wounded.
Sonja casts a spell.
Sonja blinks!
Sonja hits you with an uncursed dagger of distortion.
Space bends around you. Sonja misses you.
Sonja hits you with an uncursed dagger of distortion.
Space warps horribly around you!
* * * LOW HITPOINT WARNING * * *
You fail to use your ability.
You feel sick.
Sonja mumbles some strange words.
Sonja blinks!
Sonja closely misses you. Sonja barely misses you.
Sonja hits you with an uncursed dagger of distortion.
* * * LOW HITPOINT WARNING * * *
Space bends around you.
You die...

########################
#<.#..)..#..'..#__#..').
#..'[.#..').#..'..'..#).
#..#####'#####'#__####..
#..####..#...#.#### ###
#..#__####.(##=#
#..#__K@_##(#_.+
#⌠⌠#_.∩...'.(._#
####_..__##_(#'#
#_____###'#)# #######
#.### $.$ $.$# ##.## #+#


You could see Sonja.

Vanquished Creatures
  2 kobold demonologists (D)
  A slime creature (D)
  Sigmund (D)
  A yak (D)
  A floating eye (D)
  An ogre (D)
  A jelly (D)
  Ijyb (D)
9 creatures vanquished.

Vanquished Creatures (others)
  A hornet (D)
1 creature vanquished.

Grand Total: 10 creatures vanquished

Notes
Turn   | Place    | Note
-------+----------+-------------------------------------------
     0 | D        | wilfster70 the Demonspawn Berserker began the quest for the Orb.
     0 | D        | Reached XP level 1. HP: 18/18 MP: 1/1
     1 | D        | Noticed Ijyb
    14 | D        | Killed Ijyb
    14 | D        | Reached skill level 4 in Fighting
    14 | D        | Gained mutation: You have sharp fingernails. [demonic ancestry]
    14 | D        | Reached XP level 2. HP: 12/25 MP: 2/2
   208 | D        | Noticed an ogre
   218 | D        | Killed an ogre
   218 | D        | Reached skill level 5 in Fighting
   218 | D        | Reached skill level 5 in Long Blades
   218 | D        | Gained mutation: You have large cloven feet. [demonic ancestry]
   218 | D        | Reached XP level 3. HP: 31/33 MP: 3/3
   218 | D        | Gained mutation: You have hoof-like feet. [demonic ancestry]
   218 | D        | Reached XP level 4. HP: 37/39 MP: 4/4
   318 | D        | Noticed Sigmund
   326 | D        | Killed Sigmund
   326 | D        | Reached ** piety under Trog
   326 | D        | Reached skill level 6 in Fighting
   326 | D        | Reached skill level 5 in Armour
   326 | D        | Reached skill level 5 in Dodging
   326 | D        | Reached XP level 5. HP: 47/47 MP: 5/5
   342 | D        | Found a deep blue altar of Sif Muna.
   343 | D        | Found an ornate altar of the Wu Jian Council.
   344 | D        | Found a radiant altar of Vehumet.
   346 | D        | Reached skill level 7 in Fighting
   346 | D        | Gained mutation: You have hooves in place of feet. [demonic ancestry]
   346 | D        | Reached XP level 6. HP: 46/55 MP: 6/6
   372 | D        | Found Poseang's Distillery.
   372 | D        | Found an ancient bone altar of Kikubaaqudgha.
   372 | D        | Found a hazy altar of Hepliaklqana.
   372 | D        | Found a stormy altar of Qazlal.
   372 | D        | Found a hide-covered altar of Uskayaw.
   372 | D        | Found a blossoming altar of Fedhas.
   372 | D        | Found a bloodstained altar of Trog.
   372 | D        | Found an iron altar of Okawaru.
   372 | D        | Found a basalt altar of Yredelemnul.
   372 | D        | Found a glowing golden altar of the Shining One.
   372 | D        | Found a snail-covered altar of Cheibriados.
   372 | D        | Found a sacrificial altar of Ru.
   372 | D        | Found a glowing silver altar of Zin.
   372 | D        | Found a shadowy altar of Dithmenos.
   372 | D        | Found a white marble altar of Elyvilon.
   372 | D        | Noticed a yak
   379 | D        | Killed a yak
   380 | D        | Found an opulent altar of Gozag.
   381 | D        | Found a sparkling altar of Nemelex Xobeh.
   555 | D        | Found a burning altar of Makhleb.
   555 | D        | Found a viscous altar of Jiyva.
   555 | D        | Found a shimmering altar of Xom.
   555 | D        | Found a corrupted altar of Lugonu.
   555 | D        | Noticed a slime creature
   560 | D        | Killed a slime creature
   560 | D        | Reached *** piety under Trog
   560 | D        | Reached skill level 8 in Fighting
   560 | D        | Reached XP level 7. HP: 63/63 MP: 7/7
   627 | D        | Noticed a kobold demonologist
   628 | D        | Noticed a kobold demonologist
   634 | D        | Noticed a sun demon
   635 | D        | Killed a kobold demonologist
   635 | D        | Reached skill level 9 in Fighting
   638 | D        | Killed a kobold demonologist
   638 | D        | Reached **** piety under Trog
   638 | D        | Gained mutation: You have a pair of small antennae on your head. [demonic ancestry]
   638 | D        | Reached XP level 8. HP: 18/72 MP: 8/8
   649 | D        | Killed a hornet
   894 | D        | Noticed Sonja
   911 | D        | Slain by Sonja

Skill      XL: |  1  2  3  4  5  6  7 |
---------------+----------------------+-----
Fighting       | 4 5 6 7 8 9 |  9.7
Long Blades    | 3 5 6 7 8 |  8.9
Armour         | 3 4 5 6 7 8 |  8.6
Dodging        | 3 4 5 6 7 8 |  8.6

Action                   |  1- 3 |  4- 6 |  7- 9 || total
-------------------------+-------+-------+-------++-------
Melee: Falchion          |    20 |    19 |    13 ||    52
       Kick              |       |    10 |     3 ||    13
Invok: Berserk           |     2 |     2 |     2 ||     6
       Trog's Hand       |       |       |     1 ||     1
  Eat: Chunk             |       |     2 |       ||     2
       Ration            |       |       |     1 ||     1
Armor: Animal skin       |     2 |       |     1 ||     3
Dodge: Dodged            |     5 |    10 |    28 ||    43
       Rpst.: Falchion   |     1 |     4 |     6 ||    11
